 Dungeon Crawl Stone Soup version 0.19.4 (webtiles) character file.

7136 Jynx the Carver (level 10, -6/93 (94) HPs)
             Began as a Minotaur Fighter on Feb 5, 2017.
             Was an Elder of Okawaru.
             Mangled by an unseen horror (7 damage)
             ... on level 10 of the Dungeon.
             The game lasted 00:19:30 (9383 turns).

Jynx the Carver (Minotaur Fighter)                  Turns: 9383, Time: 00:19:31

HP:   -6/93 (94)    AC: 11    Str: 22    XL:     10   Next: 85%
MP:   9/9           EV: 10    Int:  5    God:    Okawaru [****..]
Gold: 602           SH:  0    Dex: 12    Spells: 1 memorised, 7 levels left

rFire  . . .     SeeInvis .     a - +0 long sword
rCold  . . .     Gourm    .     t - +4 ring mail
rNeg   . . .     Faith    .     (no shield)
rPois  +         Spirit   .     (helmet restricted)
rElec  .         Reflect  .     (no cloak)
rCorr  .         Harm     .     (no gloves)
MR     +....                    (no boots)
Stlth  +.........               (no amulet)
                                y - ring of poison resistance
                                n - ring of protection from magic

@: about to teleport
A: retaliatory headbutt, horns 2
a: Heroism, Renounce Religion


You were on level 10 of the Dungeon.
You worshipped Okawaru.
Okawaru was greatly pleased with you.
You were not hungry.

You visited 2 branches of the dungeon, and saw 11 of its levels.

You collected 602 gold pieces.

Inventory:

Hand Weapons
 a - a +0 long sword (weapon)
Armour
 e - a +0 shield
 t - a +4 ring mail (worn)
 C - a +0 large shield
Jewellery
 j - an uncursed ring of resist corrosion
 n - a ring of protection from magic (left hand)
 r - an uncursed ring of ice
 v - an uncursed ring of flight
 y - a ring of poison resistance (right hand)
Wands
 D - a wand of disintegration (24/24)
Scrolls
 o - 3 scrolls of teleportation
 q - 5 scrolls of remove curse
 s - 2 scrolls of recharging
 w - a scroll of torment {unknown}
 E - a scroll of fog
Potions
 d - a potion of might
 h - 4 potions of flight
 i - 3 potions of curing
 k - 2 potions of mutation
 l - 3 potions of lignification
 m - 2 potions of magic
 z - 3 potions of cure mutation
 A - a potion of agility {unknown}
 B - a potion of brilliance
Books
 p - a book of Minor Magic

   Spells                             Type                      Level
   a - Magic Dart                     Conjuration                  1
   b - Blink                          Translocation                2
   c - Call Imp                       Summoning                    2
   d - Repel Missiles                 Charms/Air                   2
   e - Slow                           Hexes                        2
   f - Conjure Flame                  Conjuration/Fire             3
   g - Mephitic Cloud                 Conjuration/Poison/Air       3
 u - a book of Clouds

   Spells                             Type                      Level
   a - Mephitic Cloud                 Conjuration/Poison/Air       3
   b - Conjure Flame                  Conjuration/Fire             3
   c - Poisonous Cloud                Conjuration/Poison/Air       6
   d - Freezing Cloud                 Conjuration/Ice/Air          6
   e - Ring of Flames                 Charms/Fire                  7
Comestibles
 b - 2 beef jerkies
 c - 4 meat rations
 f - 11 bread rations
 g - 2 slices of pizza
 x - 4 fruits


   Skills:
 + Level 10.5 Fighting
 * Level 13.9 Long Blades
 + Level 10.5 Armour
 - Level 3.6 Shields


You had 7 spell levels left.
You knew the following spells:

 Your Spells              Type           Power        Failure   Level  Hunger
a - Blink                 Tloc           N/A          93%         2    ###....


Dungeon Overview and Level Annotations

Branches:
Dungeon (10/15)            Temple (1/1) D:7
   Lair: D:8-11         Orc: D:9-12

Altars:
Ashenzari
Cheibriados
Dithmenos
Elyvilon
Fedhas
Gozag
Hepliaklqana
Kikubaaqudgha
Makhleb
Nemelex Xobeh
Okawaru
Qazlal
Ru
Sif Muna
Trog
Uskayaw
Vehumet
Xom
Yredelemnul
Zin
The Shining One

Shops:
D:9 }


Innate Abilities, Weirdness & Mutations

You reflexively headbutt those who attack you in melee.
You have a pair of horns on your head.


Message History

You open the door.
A hill giant comes into view. It is wielding a giant spiked club.
The hill giant shouts!
Something hits you. Something hits you but does no damage.
There is an open door here.
Something hits you but does no damage.
The hill giant hits you with a giant spiked club!!
You slash the hill giant!
The hill giant is lightly wounded.
Something hits you!
You barely miss the hill giant.
The hill giant is lightly wounded.
Something hits you but does no damage.
The hill giant hits you with a giant spiked club!!
* * * LOW HITPOINT WARNING * * *
As you read the scroll of teleportation, it crumbles to dust.
You feel strangely unstable. Something hits you but does no damage.
Something hits you!
You die...

#........# #...
#........#####.#
#..............#
#....########..#
#....#......#..#
......#......#..###+###..
......#......#...........
... #......#....†......
#....C@'...........
.########...........
....................
....................
...............#####
......######...# ......
...# ..... ...# .....
...#


You could see a hill giant.

Vanquished Creatures
  The ghost of striepan the Destroyer, a journeyman DEFE of Vehumet (D:10)
  A hill giant (D:9)
  A manticore (D:8)
  A troll (D:9)
  2 hornets
  2 hippogriffs
  An orc warrior (D:10)
  3 ice beasts
  3 sky beasts
  2 necrophages
  2 ogres
  2 centaurs
  A big kobold (D:8)
  7 bullfrogs
  3 water moccasin skeletons
  11 killer bees
  3 scorpions
  12 wights
  A howler monkey (D:7)
  4 crimson imps
  A centaur zombie (D:7)
  2 quasits (D:9)
  9 orc priests
  3 jellies
  3 centaur skeletons
  3 hounds
  A bullfrog skeleton (D:6)
  3 iguanas
  10 orc wizards
  8 worker ants
  A hound skeleton (D:10)
  A hound zombie (D:6)
  2 worker ant zombies
  10 gnolls
  6 adders
  A shadow imp (D:5)
  3 oozes
  2 adder skeletons (D:9)
  3 worms
  2 dart slugs
  10 leopard geckos
  39 orcs
  2 ball pythons (D:3)
  4 giant cockroaches
  16 goblins
  6 hobgoblins
  5 jackals
  3 quokkas
  10 bats
  12 frilled lizards
  3 jackal skeletons
  6 kobolds
  8 rats
261 creatures vanquished.

Notes
Turn   | Place    | Note
-------+----------+-------------------------------------------
     0 | D:1      | Jynx the Minotaur Fighter began the quest for the Orb.
     0 | D:1      | Reached XP level 1. HP: 19/19 MP: 0/0
   210 | D:1      | Reached skill level 3 in Long Blades
   233 | D:1      | Reached XP level 2. HP: 22/27 MP: 1/1
   542 | D:1      | Reached XP level 3. HP: 24/33 MP: 2/2
   770 | D:2      | Reached skill level 4 in Long Blades
  1067 | D:2      | Reached XP level 4. HP: 36/40 MP: 3/3
  1494 | D:3      | Reached skill level 5 in Long Blades
  1494 | D:3      | Reached XP level 5. HP: 45/47 MP: 4/4
  2354 | D:4      | Reached skill level 5 in Armour
  2456 | D:4      | Reached skill level 5 in Fighting
  2456 | D:4      | Reached skill level 6 in Long Blades
  2456 | D:4      | Reached XP level 6. HP: 56/56 MP: 5/5
  2518 | D:5      | Entered Level 5 of the Dungeon
  2874 | D:5      | Reached XP level 7. HP: 40/61 MP: 6/6
  2875 | D:5      | Reached skill level 7 in Long Blades
  3531 | D:6      | Reached skill level 8 in Long Blades
  4076 | D:6      | Reached XP level 8. HP: 71/71 MP: 7/7
  4231 | D:6      | Learned a level 2 spell: Blink
  4343 | D:7      | Reached skill level 9 in Long Blades
  4874 | D:7      | Reached skill level 10 in Long Blades
  5013 | D:7      | Found a staircase to the Ecumenical Temple.
  5088 | Temple   | Entered the Ecumenical Temple
  5331 | Temple   | Became a worshipper of Warmaster Okawaru
  5691 | D:7      | Reached XP level 9. HP: 47/80 MP: 8/8
  6400 | D:7      | Reached skill level 11 in Long Blades
  6645 | D:8      | Reached * piety under Okawaru
  7537 | D:8      | Noticed a manticore
  7540 | D:8      | Killed a manticore
  7540 | D:8      | Reached skill level 12 in Long Blades
  7649 | D:9      | Reached ** piety under Okawaru
  7770 | D:8      | Reached XP level 10. HP: 50/91 MP: 9/9
  7969 | D:9      | Found Ytyifaf's Gadget Emporium.
  8249 | D:9      | Reached *** piety under Okawaru
  8334 | D:9      | Reached skill level 13 in Long Blades
  8588 | D:10     | Entered Level 10 of the Dungeon
  8627 | D:10     | Noticed striepan's ghost (journeyman DEFE)
  8643 | D:10     | Noticed a hill giant
  8691 | D:9      | Killed a hill giant
  8691 | D:9      | Reached skill level 10 in Fighting
  8691 | D:9      | Reached skill level 10 in Armour
  8836 | D:10     | Killed striepan's ghost
  9315 | D:10     | Reached **** piety under Okawaru
  9378 | D:10     | Noticed a hill giant
  9382 | D:10     | HP: 1/93 [hill giant/giant spiked club (31)]
  9383 | D:10     | Mangled by an unseen horror

Skill      XL: |  1  2  3  4  5  6  7  8  9 10 |
---------------+-------------------------------+-----
Long Blades    | 3 4 5 6 8 10 12 13 | 13.9
Armour         | 4 5 6 7 9 10 | 10.5
Fighting       | 4 5 6 7 9 10 | 10.5
Shields        | |  3.6

Action                   |  1- 3 |  4- 6 |  7- 9 | 10-12 || total
-------------------------+-------+-------+-------+-------++-------
Melee: Long sword        |    83 |   126 |   368 |   197 ||   774
       Headbutt          |    15 |    35 |    89 |    43 ||   182
  Use: Scroll            |       |       |    17 |     3 ||    20
 Stab: Confused          |       |       |       |     1 ||     1
  Eat: Chunk             |     1 |     5 |    15 |     6 ||    27
       Fruit             |       |       |     1 |       ||     1
Armor: Scale mail        |    41 |    10 |       |       ||    51
       Ring mail         |       |    59 |   178 |    86 ||   323
Dodge: Dodged            |    38 |    58 |   197 |    72 ||   365
       Rpst.: Long sword |     9 |    17 |    51 |    20 ||    97
